TOP OF THE 1ST |
Pittsburgh Pirates batting - Pitching for Philadelphia Phillies : LHP Larry McWilliams
|
Pitching: LHP Larry McWilliams
|
|
Batting: RHB Dan Gladden
|
0-0: Called Strike 0-1: Ball 1-1: Foul Ball, location: 2F 1-2: Ball 2-2: Strikes out swinging
|
Batting: LHB Terry Whitfield
|
0-0: Ball 1-0: Called Strike 1-1: Swinging Strike 1-2: SINGLE (Groundball, 56D, EV 96.9 MPH)
|
Batting: RHB Rennie Stennett
|
0-0: Ball Terry Whitfield steals 2nd base (no throw) 1-0: Ball 2-0: Fly out, F9 (Flyball, 9D, EV 91.3 MPH) Runner from 2nd tags up, SAFE at 3rd, no throw by RF
|
Batting: LHB Greg Walker
|
0-0: Foul Ball, location: 2F 0-1: Called Strike 0-2: Foul Ball, location: 2F 0-2: Ball 1-2: Fly out, F8 (Flyball, 8LXD, EV 101.9 MPH)
|
Top of the 1st over - 0 runs, 1 hit, 0 errors, 1 left on base; Pittsburgh 0 - Philadelphia 0 |
BOTTOM OF THE 1ST |
Philadelphia Phillies batting - Pitching for Pittsburgh Pirates : LHP Juan Agosto
|
Pitching: LHP Juan Agosto
|
|
Batting: RHB Andy Ramirez
|
0-0: Called Strike 0-1: Ball 1-1: Foul Ball, location: 2F 1-2: Ball 2-2: Ball 3-2: SINGLE (Line Drive, 9S, EV 90.6 MPH)
|
Batting: RHB Paul Molitor
|
0-0: Ball 1-0: Foul Ball, location: 2F 1-1: Fielders Choice at 2nd, 6-4 (Groundball, 56, EV 81.9 MPH)
|
Batting: LHB Tony Gwynn
|
0-0: Called Strike Paul Molitor steals 2nd, throwing error, E2 Paul Molitor to third 0-1: SINGLE (Line Drive, 4MD, EV 106.3 MPH) Paul Molitor scores
|
Batting: RHB Candy Maldonado
|
0-0: Ball 1-0: Fielders Choice at 2nd, 5-4 (Groundball, 56S, EV 89.4 MPH)
|
Batting: LHB Ken Phelps
|
0-0: Ball 1-0: Called Strike 1-1: Foul Ball, location: 2F 1-2: Foul Ball, location: 2F 1-2: Ball 2-2: Ball 3-2: Fly out, F8 (Flyball, 78S, EV 91.3 MPH)
|
Bottom of the 1st over - 1 run, 2 hits, 1 error, 1 left on base; Pittsburgh 0 - Philadelphia 1 |
TOP OF THE 2ND |
Pittsburgh Pirates batting - Pitching for Philadelphia Phillies : LHP Larry McWilliams
|
Batting: RHB William Max
|
0-0: Foul Ball, location: 2F 0-1: Ground out 6-3 (Groundball, 6, EV 87.5 MPH)
|
Batting: RHB Mike C Brown
|
0-0: Ball 1-0: Ball 2-0: Called Strike 2-1: Foul Ball, location: 2F 2-2: Foul Ball, location: 2F 2-2: Ground out 2-3 (Groundball, 15S, EV 70.0 MPH)
|
Batting: SHB Ron Oester
|
0-0: Ball 1-0: Ball 2-0: Ball 3-0: Called Strike 3-1: SINGLE (Flyball, 89S, EV 96.9 MPH)
|
Batting: RHB Frank Hunsaker
|
0-0: Called Strike 0-1: Swinging Strike 0-2: Ball 1-2: Ball 2-2: Ball 3-2: Reached on error, E9 (Flyball, 9S, EV 96.3 MPH) Ron Oester to third
|
Batting: LHB Juan Agosto
|
0-0: Called Strike 0-1: Ball 1-1: Ball 2-1: Called Strike 2-2: Ball 3-2: Foul Ball, location: 2F 3-2: Ground out 6-3 (Groundball, 4MS, EV 83.8 MPH)
|
Top of the 2nd over - 0 runs, 1 hit, 1 error, 2 left on base; Pittsburgh 0 - Philadelphia 1 |
BOTTOM OF THE 2ND |
Philadelphia Phillies batting - Pitching for Pittsburgh Pirates : LHP Juan Agosto
|
Batting: RHB Andre Dawson
|
0-0: Foul Ball, location: 2F 0-1: Ball 1-1: Fly out, F8 (Flyball, 8RM, EV 76.9 MPH)
|
Batting: RHB Jody Davis
|
0-0: Foul Ball, location: 2F 0-1: Ball 1-1: Ground out 5-3 (Groundball, 56, EV 83.8 MPH)
|
Batting: RHB Dan Thomas
|
0-0: Called Strike 0-1: Ball 1-1: Ball 2-1: Foul Ball, location: 2F 2-2: Ground out 6-3 (Groundball, 6, EV 105.6 MPH)
|
Bottom of the 2nd over - 0 runs, 0 hits, 0 errors, 0 left on base; Pittsburgh 0 - Philadelphia 1 |
TOP OF THE 3RD |
Pittsburgh Pirates batting - Pitching for Philadelphia Phillies : LHP Larry McWilliams
|
Batting: RHB Dan Gladden
|
0-0: Called Strike 0-1: Foul Ball, location: 2F 0-2: Ball 1-2: Ball 2-2: Ball 3-2: Fly out, F9 (Flyball, 9S, EV 87.5 MPH)
|
Batting: LHB Terry Whitfield
|
0-0: Swinging Strike 0-1: Called Strike 0-2: Ground out 4-3 (Groundball, 4, EV 89.4 MPH)
|
Batting: RHB Rennie Stennett
|
0-0: Ground out 5-3 (Groundball, 5L, EV 106.3 MPH)
|
Top of the 3rd over - 0 runs, 0 hits, 0 errors, 0 left on base; Pittsburgh 0 - Philadelphia 1 |
BOTTOM OF THE 3RD |
Philadelphia Phillies batting - Pitching for Pittsburgh Pirates : LHP Juan Agosto
|
Batting: LHB Larry McWilliams
|
0-0: Foul Ball, location: 2F 0-1: Foul Ball, location: 2F 0-2: SINGLE (Line Drive, 8RS, EV 99.4 MPH)
|
Batting: RHB Andy Ramirez
|
0-0: Ball 1-0: Ball 2-0: Ball 3-0: Base on Balls Larry McWilliams to second
|
Batting: RHB Paul Molitor
|
0-0: Hit by Pitch Larry McWilliams to third Andy Ramirez to second
|
Batting: LHB Tony Gwynn
|
0-0: Ball 1-0: Foul Ball, location: 2F 1-1: Foul Ball, location: 2F 1-2: Foul Ball, location: 2F 1-2: Foul Ball, location: 2F 1-2: Ball 2-2: Strikes out swinging
|
Batting: RHB Candy Maldonado
|
0-0: Ball 1-0: Foul Ball, location: 2F 1-1: Ball 2-1: SINGLE (Groundball, 4MD, EV 103.8 MPH) Larry McWilliams scores Andy Ramirez to third Paul Molitor to second Runner from 3rd tries for Home, SAFE, throw by CF to home
|
Batting: LHB Ken Phelps
|
0-0: Called Strike 0-1: Ball 1-1: Ball Paul Molitor steals 3rd base Candy Maldonado to second 2-1: SINGLE (Groundball, 34D, EV 96.9 MPH) Paul Molitor scores Candy Maldonado to third Runner from 3rd tries for Home, SAFE, throw by RF to home
|
Pitching: RHP Robert Alexander
|
|
Batting: RHB Andre Dawson
|
0-0: Swinging Strike 0-1: Foul Ball, location: 2F 0-2: Fly out, F6 (Popup, 6S, EV 79.4 MPH)
|
Batting: RHB Jody Davis
|
0-0: Ball 1-0: Ball Wild Pitch! Ken Phelps to second 2-0: Foul Ball, location: 2F 2-1: Called Strike 2-2: Fly out, F8 (Flyball, 8LM, EV 82.5 MPH)
|
Bottom of the 3rd over - 4 runs, 3 hits, 0 errors, 1 left on base; Pittsburgh 0 - Philadelphia 5 |
TOP OF THE 4TH |
Pittsburgh Pirates batting - Pitching for Philadelphia Phillies : LHP Larry McWilliams
|
Batting: LHB Greg Walker
|
0-0: Called Strike 0-1: Ground out 6-3 (Groundball, 56, EV 107.5 MPH)
|
Batting: RHB William Max
|
0-0: Called Strike 0-1: Called Strike 0-2: Ball 1-2: Strikes out swinging
|
Batting: RHB Mike C Brown
|
0-0: Called Strike 0-1: SINGLE (Groundball, 3D, EV 96.9 MPH)
|
Batting: SHB Ron Oester
|
0-0: Foul Ball, location: 2F 0-1: Swinging Strike 0-2: Ball Wild Pitch! Mike C Brown to second 1-2: Foul Ball, location: 2F 1-2: Ball 2-2: SINGLE (Line Drive, 9S, EV 100.0 MPH) Mike C Brown to third Runner from 3rd tries for Home, SAFE, throw by RF to home Ron Oester to second
|
Batting: RHB Frank Hunsaker
|
0-0: Called Strike 0-1: Ball 1-1: Called Strike 1-2: Ball 2-2: Ball 3-2: Foul Ball, location: 2F 3-2: DOUBLE (Line Drive, 89D, EV 102.5 MPH) Ron Oester scores
|
Batting: RHB Robert Alexander
|
0-0: Foul Ball, location: 2F 0-1: Called Strike 0-2: Foul Ball, location: 2F 0-2: Strikes out looking
|
Top of the 4th over - 2 runs, 3 hits, 0 errors, 1 left on base; Pittsburgh 2 - Philadelphia 5 |
BOTTOM OF THE 4TH |
Philadelphia Phillies batting - Pitching for Pittsburgh Pirates : RHP Robert Alexander
|
Batting: RHB Dan Thomas
|
0-0: Fly out, F8 (Line Drive, 8RD, EV 103.1 MPH)
|
Pinch Hitting: LHB Andy Guerrero
|
0-0: Called Strike 0-1: Swinging Strike 0-2: Ball 1-2: Ground out 4-3 (Groundball, 4, EV 93.1 MPH)
|
Batting: RHB Andy Ramirez
|
0-0: Called Strike 0-1: Called Strike 0-2: Ball 1-2: Ball 2-2: Foul Ball, location: 2F 2-2: Ground out 5-3 (Groundball, 56S, EV 81.3 MPH)
|
Bottom of the 4th over - 0 runs, 0 hits, 0 errors, 0 left on base; Pittsburgh 2 - Philadelphia 5 |
TOP OF THE 5TH |
Pittsburgh Pirates batting - Pitching for Philadelphia Phillies : LHP Larry McWilliams
|
Pitching: LHP Michael Morrison
|
|
Batting: RHB Dan Gladden
|
0-0: Ball 1-0: Fly out, F8 (Flyball, 78D, EV 100.6 MPH)
|
Batting: LHB Terry Whitfield
|
0-0: Ball 1-0: Ball 2-0: SINGLE (Groundball, 4M, EV 81.3 MPH) (infield hit)
|
Batting: RHB Rennie Stennett
|
0-0: Ball 1-0: Fly out, F8 (Flyball, 8LXD, EV 92.5 MPH)
|
Batting: LHB Greg Walker
|
0-0: Ball 1-0: Ball 2-0: Foul Ball, location: 2F 2-1: Fly out, F8 (Flyball, 8LS, EV 85.0 MPH)
|
Top of the 5th over - 0 runs, 1 hit, 0 errors, 1 left on base; Pittsburgh 2 - Philadelphia 5 |
BOTTOM OF THE 5TH |
Philadelphia Phillies batting - Pitching for Pittsburgh Pirates : RHP Robert Alexander
|
Batting: RHB Paul Molitor
|
0-0: SINGLE (Line Drive, 9LS, EV 93.1 MPH)
|
Batting: LHB Tony Gwynn
|
0-0: Called Strike 0-1: Ball Paul Molitor steals 2nd base 1-1: Ground out 4-3 (Groundball, 4M, EV 97.5 MPH) Paul Molitor to third
|
Batting: RHB Candy Maldonado
|
0-0: Called Strike 0-1: Foul Ball, location: 2F 0-2: SINGLE (Groundball, 56D, EV 98.8 MPH) Paul Molitor scores
|
Batting: LHB Ken Phelps
|
0-0: Called Strike 0-1: Foul Ball, location: 2F 0-2: Ball 1-2: DOUBLE (Flyball, 8LXD, EV 98.1 MPH) Candy Maldonado to third Runner from 3rd tries for Home, SAFE, throw by CF to home
|
Batting: RHB Andre Dawson
|
0-0: Ball 1-0: Called Strike 1-1: Ball 2-1: Swinging Strike 2-2: Ground out 5-3 (Groundball, 15, EV 77.5 MPH)
|
Batting: RHB Jody Davis
|
0-0: Ball 1-0: Fly out, F8 (Flyball, 8LM, EV 95.6 MPH)
|
Bottom of the 5th over - 2 runs, 3 hits, 0 errors, 1 left on base; Pittsburgh 2 - Philadelphia 7 |
TOP OF THE 6TH |
Pittsburgh Pirates batting - Pitching for Philadelphia Phillies : LHP Michael Morrison
|
Batting: RHB William Max
|
0-0: Called Strike 0-1: Called Strike 0-2: Ball 1-2: Ball 2-2: SINGLE (Groundball, 5S, EV 69.4 MPH) (infield hit)
|
Batting: RHB Mike C Brown
|
0-0: Called Strike 0-1: Swinging Strike 0-2: Ball 1-2: Strikes out swinging
|
Batting: SHB Ron Oester
|
0-0: Foul Ball, location: 2F 0-1: Ground out U3 (Groundball, 34S, EV 85.6 MPH) William Max to second
|
Batting: RHB Frank Hunsaker
|
0-0: Called Strike 0-1: Ground out 3-1 (Groundball, 34, EV 78.1 MPH)
|
Top of the 6th over - 0 runs, 1 hit, 0 errors, 1 left on base; Pittsburgh 2 - Philadelphia 7 |
BOTTOM OF THE 6TH |
Philadelphia Phillies batting - Pitching for Pittsburgh Pirates : RHP Robert Alexander
|
Batting: RHB Dan Thomas
|
0-0: Called Strike 0-1: Ball 1-1: Ball 2-1: Swinging Strike 2-2: Ball 3-2: Base on Balls
|
Batting: LHB Michael Morrison
|
0-0: Sac Bunt to 5S - play at first, batter OUT! 5-4 Dan Thomas to second
|
Pinch Hitting: LHB Terry Lee
|
0-0: Called Strike 0-1: Foul Ball, location: 2F 0-2: Ball 1-2: SINGLE (Line Drive, 6D, EV 95.0 MPH) Dan Thomas to third Runner from 3rd tries for Home, SAFE, throw by CF to home
|
Pinch Hitting: RHB Ivan de Jesus
|
0-0: Called Strike 0-1: Called Strike 0-2: Fly out, F7 (Flyball, 7, EV 81.9 MPH)
|
Pinch Hitting: LHB James Peters
|
0-0: Ball 1-0: Called Strike 1-1: Swinging Strike 1-2: 2-RUN HOME RUN (Line Drive, 89XD, EV 100.6 MPH), Distance : 444 ft
|
Pinch Hitting: LHB Cecil Cooper
|
0-0: Called Strike 0-1: Fly out, F6 (Flyball, 6MD, EV 88.8 MPH)
|
Bottom of the 6th over - 3 runs, 2 hits, 0 errors, 0 left on base; Pittsburgh 2 - Philadelphia 10 |
TOP OF THE 7TH |
Pittsburgh Pirates batting - Pitching for Philadelphia Phillies : LHP Michael Morrison
|
Now at 2B: Ivan de Jesus
|
|
Now at SS: Terry Lee
|
|
Now in LF: James Peters
|
|
Now in RF: Cecil Cooper
|
|
Pinch Hitting: SHB John Shelby
|
0-0: Called Strike 0-1: Ball 1-1: Ball 2-1: Foul Ball, location: 2F 2-2: DOUBLE (Flyball, 8LXD, EV 105.0 MPH)
|
Pinch Hitting: RHB Jorge Martinez
|
0-0: Ball 1-0: Called Strike 1-1: Ball 2-1: Ball 3-1: SINGLE (Groundball, 3D, EV 98.1 MPH) John Shelby to third Runner from 3rd tries for Home, SAFE, throw by RF to home
|
Pinch Hitting: LHB Craig Barnes
|
0-0: Grounds into double play, 4-6-3 (Groundball, 4S, EV 91.9 MPH)
|
Pinch Hitting: LHB Robert Lopez
|
0-0: Ball 1-0: Ball 2-0: Called Strike 2-1: Called Strike 2-2: Ball 3-2: Strikes out looking
|
Top of the 7th over - 1 run, 2 hits, 0 errors, 0 left on base; Pittsburgh 3 - Philadelphia 10 |
BOTTOM OF THE 7TH |
Philadelphia Phillies batting - Pitching for Pittsburgh Pirates : RHP Robert Alexander
|
Pitching: RHP Timnothy Milner
|
|
Now at 2B: Robert Lopez
|
|
Now in LF: Jorge Martinez
|
|
Now in RF: John Shelby
|
|
Pinch Hitting: LHB Randy Bush
|
0-0: Ball 1-0: Ball 2-0: Called Strike 2-1: Foul Ball, location: 2F 2-2: Ground out 6-3 (Groundball, 6M, EV 87.5 MPH)
|
Pinch Hitting: RHB Derrell Baker
|
0-0: Ball 1-0: Ball 2-0: Called Strike 2-1: Ground out 6-3 (Groundball, 6, EV 78.1 MPH)
|
Batting: RHB Jody Davis
|
0-0: Ball 1-0: Ball 2-0: Foul Ball, location: 2F 2-1: Ball 3-1: SOLO HOME RUN (Flyball, 7D, EV 93.8 MPH), Distance : 397 ft
|
Pinch Hitting: LHB Lou Whitaker
|
0-0: Ball 1-0: Ball 2-0: Ground out 6-3 (Groundball, 6, EV 105.0 MPH)
|
Bottom of the 7th over - 1 run, 1 hit, 0 errors, 0 left on base; Pittsburgh 3 - Philadelphia 11 |
TOP OF THE 8TH |
Pittsburgh Pirates batting - Pitching for Philadelphia Phillies : LHP Michael Morrison
|
Now at 1B: Randy Bush
|
|
Now at 3B: Lou Whitaker
|
|
Now in CF: Derrell Baker
|
|
Pinch Hitting: RHB Jim Maler
|
0-0: Ball 1-0: Called Strike 1-1: Ball 2-1: Ball 3-1: SINGLE (Line Drive, 34, EV 110.6 MPH)
|
Pitching: LHP Martin Pavlik
|
|
Pinch Hitting: RHB Dave Bialas
|
0-0: Ball 1-0: Ball 2-0: Ball 3-0: Base on Balls Jim Maler to second
|
Batting: RHB Mike C Brown
|
0-0: Ball 1-0: Foul Ball, location: 2F 1-1: Ball 2-1: Foul Ball, location: 2F 2-2: Foul Ball, location: 2F 2-2: Fly out, F8 (Flyball, 8LD, EV 99.4 MPH)
|
Pinch Hitting: LHB Alex Campos
|
0-0: Foul Ball, location: 2F 0-1: Fly out, F5 (Line Drive, 5, EV 68.8 MPH)
|
Batting: RHB Frank Hunsaker
|
0-0: Called Strike 0-1: Ground out 5-3 (Groundball, 56, EV 87.5 MPH)
|
Top of the 8th over - 0 runs, 1 hit, 0 errors, 2 left on base; Pittsburgh 3 - Philadelphia 11 |
BOTTOM OF THE 8TH |
Philadelphia Phillies batting - Pitching for Pittsburgh Pirates : RHP Timnothy Milner
|
Now at 1B: Jim Maler
|
|
Now at 3B: Dave Bialas
|
|
Now at SS: Alex Campos
|
|
Batting: LHB Martin Pavlik
|
0-0: Ball 1-0: Ball 2-0: Ball 3-0: Called Strike 3-1: Base on Balls
|
Batting: LHB Terry Lee
|
0-0: 2-RUN HOME RUN (Flyball, 9LD, EV 99.4 MPH), Distance : 365 ft
|
Pinch Hitting: RHB Tim Wallach
|
0-0: Called Strike 0-1: Fly out, F7 (Flyball, 7LM, EV 84.4 MPH)
|
Batting: LHB James Peters
|
0-0: Foul Ball, location: 2F 0-1: Ball 1-1: Called Strike 1-2: Ball 2-2: Foul Ball, location: 2F 2-2: Ball 3-2: SINGLE (Line Drive, 6MD, EV 96.3 MPH)
|
Batting: LHB Cecil Cooper
|
0-0: Ball 1-0: Called Strike 1-1: Fly out, F4 (Popup, 34, EV 72.5 MPH)
|
Batting: LHB Randy Bush
|
0-0: Fielders Choice at 2nd, 5-4 (Groundball, 5, EV 86.3 MPH)
|
Bottom of the 8th over - 2 runs, 2 hits, 0 errors, 1 left on base; Pittsburgh 3 - Philadelphia 13 |
TOP OF THE 9TH |
Pittsburgh Pirates batting - Pitching for Philadelphia Phillies : LHP Martin Pavlik
|
Now in CF: Tim Wallach
|
|
Batting: SHB John Shelby
|
0-0: Called Strike 0-1: Ball 1-1: Swinging Strike 1-2: Ball 2-2: Strikes out looking
|
Batting: RHB Jorge Martinez
|
0-0: Ball 1-0: Foul Ball, location: 2F 1-1: Swinging Strike 1-2: Foul Ball, location: 2F 1-2: Foul Ball, location: 2F 1-2: Foul Ball, location: 2F 1-2: Foul Ball, location: 2F 1-2: Ball 2-2: Ball 3-2: Fly out, F8 (Flyball, 89S, EV 81.9 MPH)
|
Pinch Hitting: SHB Chili Davis
|
0-0: Ball 1-0: Called Strike 1-1: Ball 2-1: Fly out, F7 (Flyball, 78S, EV 96.9 MPH)
|
Top of the 9th over - 0 runs, 0 hits, 0 errors, 0 left on base; Pittsburgh 3 - Philadelphia 13 |
|